 Dungeon Crawl Stone Soup version 0.23.0-3-gf3c87f2df8 (webtiles) character file.

Game seed: 2192317352579649206

940 Chiseanne the Sneak (level 8, 0/50 HPs)
             Began as an Octopode Warper on Feb 24, 2019.
             Slain by a wraith (6 damage)
             ... in an ossuary.
             The game lasted 00:15:20 (5348 turns).

Chiseanne the Sneak (Octopode Warper)               Turns: 5348, Time: 00:15:20

Health: 0/50       AC:  1    Str: 12    XL:     8   Next: 12%
Magic:  0/24       EV: 16    Int: 15    God:
Gold:   147        SH:  0    Dex: 12    Spells: 5/16 levels left

rFire    . . .     SeeInvis .   a - +4 hand axe (chop)
rCold    . . .     Gourm    .   (no shield)
rNeg     + . .     Faith    .   (helmet restricted)
rPois    .         Spirit   +   l - amulet of guardian spirit
rElec    .         Reflect  .   k - ring of wizardry
rCorr    .         Harm     .   e - ring of magical power
MR       .....                  j - +1 ring of evasion
Stlth    +++++.....             r - ring of positive energy
HPRegen  0.16/turn              (no ring)
MPRegen  0.19/turn              (no ring)
                                (no ring)
                                (no ring)

@: slowed, very slow
A: almost no armour, stealthy swim, amphibious, 8 rings, constrict 8, camouflage
1, gelatinous body 1
a: no special abilities


You were in an ossuary.
You were hungry.

You visited 1 branch of the dungeon, and saw 5 of its levels.
You also visited: Ossuary.

You collected 147 gold pieces.

Inventory:

Hand Weapons
 a - a +4 hand axe of chopping (weapon)
 s - a +2 dagger of protection
 w - a +2 hunting sling of freezing
Missiles
 d - 4 tomahawks of dispersal (quivered)
 g - 69 arrows
 h - 107 stones
 n - 36 sling bullets
 p - 2 exploding tomahawks
 x - 19 poisoned needles
 y - 16 bolts
Jewellery
 e - a ring of magical power (right tentacle)
 j - a +1 ring of evasion (on tentacle)
 k - a ring of wizardry (left tentacle)
 l - an amulet of guardian spirit (around mantle)
 r - a ring of positive energy (on tentacle)
Wands
 o - a wand of random effects (18)
Scrolls
 b - 4 scrolls of teleportation
 c - a scroll of blinking
 q - 2 scrolls of remove curse
 t - a scroll of immolation
Potions
 i - a potion of heal wounds
 m - a potion of mutation
 u - 2 potions of resistance
 v - 2 potions of flight
 z - 4 potions of curing
 A - a potion of ambrosia {unknown}
Comestibles
 f - 8 rations


   Skills:
 - Level 2.0 Fighting
 - Level 2.0 Short Blades
 - Level 1.0 Throwing
 + Level 4.9 Dodging
 * Level 7.9 Stealth
 + Level 4.7 Spellcasting
 + Level 4.0 Translocations


You had 5 spell levels left.
You knew the following spells:

 Your Spells              Type           Power        Failure   Level  Hunger
a - Blink                 Tloc           N/A          1%          2    ##.....
b - Shroud of Golubria    Chrm/Tloc      #.........   4%          2    ##.....
c - Teleport Other        Tloc           ###.....     4%          3    ###....
d - Passage of Golubria   Tloc           N/A          13%         4    ####...

Your spell library contained the following spells:

 Spells                   Type           Power        Failure   Level  Hunger
 Gell's Gravitas          Tloc           ###.......   4%          3    ###....
 Lesser Beckoning         Tloc           ###.......   4%          3    ###....
 Summon Small Mammal      Summ           #...         7%          1    None
 Call Imp                 Summ           #.......     11%         2    ##.....
 Call Canine Familiar     Summ           #.......     21%         3    ###....
 Summon Guardian Golem    Hex/Summ       #.......     21%         3    ###....
 Summon Ice Beast         Ice/Summ       #.......     52%         4    ####...
 Summon Lightning Spire   Summ/Air       #.......     52%         4    ####...


Dungeon Overview and Level Annotations

Branches:
Dungeon (5/15)
 Temple: D:4-7

Altars:
Ashenzari
Fedhas
Sif Muna

Shops:
D:4 }


Innate Abilities, Weirdness & Mutations

You cannot wear most types of armour.
You are very stealthy in the water. (Stealth+)
You are amphibious.
You can wear up to eight rings at the same time.
You can use your tentacles to constrict eight enemies at once.
Your skin changes colour to match your surroundings (Stealth+).
Your rubbery body absorbs attacks. (AC +1, EV +1)


Message History

Press: ? - help, Shift-Dir - straight line, f - wraith
Aim: a wraith (moderately damaged)
The bolt of negative energy hits the wraith.
The wraith completely resists.
The wraith is moderately damaged.
You barely miss the wraith. You squeeze the wraith.
The wraith is moderately damaged.
The wraith hits you but does no damage. The wraith hits you!
* * * LOW HITPOINT WARNING * * *
The wraith drains your vigour!
You feel as though you will be slow longer.
Your shroud falls apart!
You barely miss the wraith.
The wraith is moderately damaged.
The wraith hits you!
* * * LOW HITPOINT WARNING * * *
The wraith drains your vigour!
You feel as though you will be slow longer.
The wraith hits you!
You die...

#.........^..........^....
#..####.^....###......##
#..#.'...8...#.#...8...+
#..####......#'#......##
#...........^#.#..........
#..........^..............
#..####.####.....####.####
#..#.'..#.'^..8...'?#..+ .
#..####.####@W...####.####..
#.....^......^............
#..^.........#.#........
#..####.^.^..#+#..^...#### #
#..#.'...8...# #...8...'.# .#
#..####....^.###......####..#
#..^.^......................#
#...........................#
#..#^#..#.#..#.#..#.#.^#^#^.#


You could see a wraith.

Vanquished Creatures
  Grinder (D:5)
  2 centaurs (D:5)
  A water moccasin skeleton (D:4)
  A howler monkey (D:4)
  A centaur zombie (D:5)
  A hound (D:5)
  4 orc wizards
  An orc priest (D:4)
  Jessica (D:2)
  A worker ant (D:4)
  A mummy (Ossuary)
  A worker ant zombie (D:5)
  6 adders
  3 oozes
  3 worms
  5 dart slugs
  5 leopard geckos
  17 orcs
  7 bats
  7 giant cockroaches
  2 gnoll zombies (Ossuary)
  8 goblins
  12 hobgoblins
  6 jackals
  4 quokkas
  2 ball pythons (D:2)
  4 frilled lizards (D:2)
  3 goblin zombies (Ossuary)
  A hobgoblin zombie (Ossuary)
  7 kobolds
  6 kobold zombies (Ossuary)
  9 rats
133 creatures vanquished.

Vanquished Creatures (others)
  An orc (D:4)
  A kobold zombie (Ossuary)
2 creatures vanquished.

Grand Total: 135 creatures vanquished

Notes
Turn   | Place    | Note
-------+----------+-------------------------------------------
     0 | D:1      | Chiseanne the Octopode Warper began the quest for the Orb.
     0 | D:1      | Reached XP level 1. HP: 14/14 MP: 3/3
    68 | D:1      | Reached XP level 2. HP: 17/19 MP: 5/5
   543 | D:1      | Learned a level 2 spell: Blink
   546 | D:1      | Learned a level 2 spell: Shroud of Golubria
   598 | D:1      | Reached XP level 3. HP: 22/24 MP: 7/7
  1070 | D:2      | Reached skill level 1 in Stealth
  1247 | D:2      | HP: 1/24 [poisoned by an adder]
  1719 | D:2      | Reached XP level 4. HP: 24/29 MP: 6/8
  1751 | D:2      | Reached skill level 2 in Stealth
  2147 | D:2      | Reached skill level 3 in Stealth
  2147 | D:2      | Reached XP level 5. HP: 28/34 MP: 6/10
  2165 | D:2      | Learned a level 3 spell: Teleport Other
  2362 | D:2      | Noticed Jessica
  2371 | D:2      | Killed Jessica
  3154 | D:3      | Reached skill level 4 in Stealth
  3431 | D:3      | Reached XP level 6. HP: 38/39 MP: 11/11
  3618 | D:3      | Reached skill level 5 in Stealth
  4209 | D:4      | Learned a level 4 spell: Passage of Golubria
  4296 | D:4      | Found a shattered altar of Ashenzari.
  4377 | D:4      | Found Pekytaj's Gadget Shoppe.
  4434 | D:4      | Reached skill level 6 in Stealth
  4486 | D:4      | Reached XP level 7. HP: 41/45 MP: 13/13
  4751 | D:4      | Found a blossoming altar of Fedhas.
  4751 | D:4      | Found a deep blue altar of Sif Muna.
  4826 | D:5      | Entered Level 5 of the Dungeon
  4857 | D:5      | Reached skill level 7 in Stealth
  5093 | D:5      | Noticed Grinder
  5099 | D:5      | Killed Grinder
  5099 | D:5      | Reached XP level 8. HP: 50/50 MP: 15/15
  5105 | D:5      | Found a sand-covered staircase.
  5110 | Ossuary  | Entered an ossuary
  5110 | Ossuary  | Noticed a wraith
  5110 | Ossuary  | Noticed a wraith
  5110 | Ossuary  | Noticed a wraith
  5335 | Ossuary  | Noticed a wraith
  5348 | Ossuary  | Slain by a wraith

Skill      XL: |  1  2  3  4  5  6  7 |
---------------+----------------------+-----
Spellcasting   | 3 4 |  4.7
Dodging        | 3 4 |  4.9
Stealth        | 1 3 4 6 7 |  7.9
Translocations | 4 |  4.0
Fighting       | |  2.0
Short Blades   | |  2.0
Throwing       | |  1.0

Action                   |  1- 3 |  4- 6 |  7- 9 || total
-------------------------+-------+-------+-------++-------
Melee: Short sword       |    89 |    91 |       ||   180
       Constrict         |    21 |    44 |    10 ||    75
       Tentacles         |    13 |    31 |     7 ||    51
       Hand axe          |       |    66 |    46 ||   112
 Fire: Hunting sling     |       |     9 |       ||     9
Throw: Tomahawk          |       |     1 |       ||     1
 Cast: Shroud of Golubri |     1 |    11 |     5 ||    17
       Blink             |       |       |     2 ||     2
Evoke: Wand              |       |       |     6 ||     6
  Use: Scroll            |     5 |     7 |     7 ||    19
       Potion            |     2 |       |     4 ||     6
 Stab: Sleeping          |     5 |     9 |     4 ||    18
       Distracted        |       |     1 |       ||     1
  Eat: Chunk             |     1 |    11 |     2 ||    14
Armor: Skin              |     9 |    16 |     5 ||    30
Dodge: Dodged            |    59 |   124 |    49 ||   232
